 Dungeon Crawl Stone Soup version 0.31-a0-1529-g7bd419a0e5 (webtiles) character file.

Game seed: 9548626499839405439

350 grandjackal the Trooper (level 6, -1/49 HPs)
             Began as a Mummy Fighter on Jan 1, 2024.
             Incinerated by a bombardier beetle (3 damage)
             ... with a burning spray
             ... on level 4 of the Dungeon.
             The game lasted 00:02:11 (2679 turns).

grandjackal the Trooper (Mummy Fighter)             Turns: 2679, Time: 00:02:12

Health: -1/49      AC:  6    Str: 21    XL:     6   Next: 33%
Magic:  6/6        EV:  9    Int:  8    God:
Gold:   149        SH:  4    Dex: 11    Spells: 5/5 levels left

rFire   . . .        a - +0 war axe
rCold   + + .        c - +0 buckler
rNeg    + + +        b - +0 scale mail
rPois   ∞            (no helmet)
rElec   .            f - scarf {rC+ rF+}
rCorr   .            (no gloves)
SInv    .            (no boots)
Will    +....        (no amulet) Stlth
                     l - ring of willpower
HPRegen 0.28/turn    (no ring)
MPRegen 0.10/turn

%: faith
@: on fire, glowing
A: cold resistance 1, negative energy resistance 3, torment resistance 2, heat
vulnerability 1, in touch with death 1, no potions, faith
a: no special abilities


You were on level 4 of the Dungeon.
You visited 1 branch of the dungeon, and saw 4 of its levels.

You collected 149 gold pieces.

Inventory:

Hand Weapons
 a - a +0 war axe (weapon)
Armour
 b - a +0 scale mail (worn)
 c - a +0 buckler (worn)
 f - a scarf of resistance (worn)
Jewellery
 l - a ring of willpower (left hand)
Wands
 j - a wand of polymorph (9)
 m - a wand of light (11)
 n - a wand of charming (9)
Scrolls
 d - a scroll of vulnerability {unknown}
 e - 6 scrolls of identify {unknown}
 g - 2 scrolls of teleportation {unknown}
 h - 2 scrolls of revelation {unknown}
 i - a scroll of fear {unknown}
 k - 3 scrolls of enchant armour {unknown}
 o - a scroll of summoning {unknown}


   Skills:
 + Level 4.6 Fighting
 + Level 3.2 Axes
 - Level 3.0 Armour
 + Level 3.8 Shields


You had 5 spell levels left.
You didn't know any spells.
Your spell library contained the following spells:

 Spells                   Type           Power      Damage    Failure   Level
 Apportation              Tloc           0%         N/A       82%         1
 Necrotise                Necr           0%         1d4       82%         1
 Shock                    Conj/Air       0%         1d3       82%         1
 Sting                    Conj/Alch      0%         1d3       82%         1
 Summon Small Mammal      Summ           0%         N/A       82%         1
 Call Canine Familiar     Summ           0%         N/A       99%         3
 Swiftness                Air            0%         N/A       99%         3
 Airstrike                Air            0%         2d(0-16)  100%        4
 Summon Blazeheart Golem  Fire/Summ      0%         N/A       100%        4


Dungeon Overview and Level Annotations

Branches:
Dungeon (4/15)
 Temple: D:4-7

Altars:
Vehumet


Innate Abilities, Weirdness & Mutations

You are immune to poison.
Your flesh is cold resistant. (rC+)
You are immune to negative energy. (rN+++)
You are immune to unholy pain and torment.
You are vulnerable to heat. (rF-)
You are in touch with the powers of death.
You do not drink.
You have a special connection with the divine. (Faith)


Message History

The hound bites you but does no damage. The hound closely misses you.
You closely miss the hound.
The hound is almost dead.
The hound bites you.
* * * LOW HITPOINT WARNING * * *
The hound pauses to sniff the ground.
The hound bites you but does no damage.
You closely miss the hound.
The hound is almost dead.
The hound barely misses you. x2
You hit the hound.
You kill the hound!
The hound bites you.
* * * LOW HITPOINT WARNING * * *
You hit the hound.
The hound is lightly wounded.
You block the hound's attack. x2
You barely miss the hound.
The hound is lightly wounded.
You block the hound's attack. The hound bites you but does no damage.
You hit the hound.
The hound is heavily wounded.
The hound bites you.
* * * LOW HITPOINT WARNING * * *
You block the hound's attack.
You slash the hound!
You kill the hound!
The bombardier beetle sprays incendiary fluid at you.
The burning spray hits you.
You are covered in liquid fire!
You shake off some of the fire as you move.
The liquid fire burns you!
* * * LOW HITPOINT WARNING * * *
You shake off the liquid fire.
The bombardier beetle sprays incendiary fluid at you.
The burning spray hits you.
You are covered in liquid fire!
You shake off some of the fire as you move.
The liquid fire burns you!
You die...

#.# #......###...###
#.. #.# ####.#.#
...# ##
#.######.#.########
####
#.#.......)........
....
#.#......#B####...#
#### #.######.#†# .
.... #........#.#
..# ####
##########.# ..#
#.......@..# #.#
#.########## #.# #.#
#...... #.# #.#
#......#####.# #.#
#.....†'...#.# #.#
#......###.#'#####
#.# #......
#.......### #.#
#....<. #..........
#.#
..########..........


There were no monsters in sight!

Vanquished Creatures
  A scorpion (D:4)
  2 bombardier beetles (D:4)
  An orc priest (D:2)
  2 hounds (D:4)
  2 iguanas (D:4)
  An orc wizard (D:3)
  An adder (D:3)
  A dart slug (D:2)
  7 orcs
  10 bats
  4 endoplasms
  A giant cockroach (D:2)
  4 hobgoblins
  A quokka (D:1)
  2 ball pythons
  2 frilled lizards (D:2)
  3 goblins
  9 kobolds
  3 rats
57 creatures vanquished.

Notes
Turn   | Place    | Note
-------+----------+-------------------------------------------
     0 | D:1      | grandjackal the Mummy Fighter began the quest for the Orb.
     0 | D:1      | Reached XP level 1. HP: 18/18 MP: 1/1
   143 | D:1      | Reached XP level 2. HP: 16/24 MP: 2/2
   536 | D:2      | Found a radiant altar of Vehumet.
   615 | D:2      | Found a faded altar of an unknown god.
  1086 | D:2      | Reached XP level 3. HP: 16/29 MP: 3/3
  1178 | D:3      | Reached XP level 4. HP: 36/36 MP: 4/4
  2257 | D:4      | Reached XP level 5. HP: 42/42 MP: 5/5
  2292 | D:4      | Identified the +1 robe of the Fletcher {*Corrode rPois rN+
                  | Dex+6}
  2362 | D:4      | Reached skill level 4 in Fighting
  2490 | D:4      | Reached XP level 6. HP: 45/49 MP: 6/6
  2672 | D:4      | HP: 2/49 [hound (4)]
  2677 | D:4      | HP: 1/49 [burnt (2)]
  2679 | D:4      | Incinerated by a bombardier beetle

Illustrated notes

Levels and vault maps discovered:
D:1:      pf_arrival_petrified_forest, layout_rooms
D:2:      layout_basic, ebering_ecumenical_altar_mist, basic_altar,
          minmay_heptomino_o4
D:3:      layout_basic
D:4:      layout_basic, minmay_temple_entry_fiery

Skill      XL: |  1  2  3  4  5 |
---------------+----------------+-----
Axes           | 2 3 |  3.2
Armour         | 3 |  3.0
Shields        | 3 |  3.8
Fighting       | 4 |  4.6

Action                     |  1- 3 |  4- 6 || total
---------------------------+-------+-------++-------
  Melee: War axe           |    87 |   109 ||   196
 Armour: Scale mail        |    69 |    67 ||   136
  Dodge: Dodged            |    59 |    48 ||   107
  Block: Buckler           |    21 |    24 ||    45

Table legend: (Time is in decaauts)
 A = Elapsed time spent in this place.
 B = Non-inter-level travel time spent in this place.
 C = Inter-level travel time spent in this place.
 D = Time resting spent in this place.
 E = Time spent auto-exploring this place.
 F = Levels seen in this place.
 G = Mean time per level.
                   A        B        C        D        E       F      G
               +--------+--------+--------+--------+--------+-----+--------+
         Total |   2761 |   2681 |     80 |    184 |   1995 |   4 |  690.2 |
       Dungeon |   2761 |   2681 |     80 |    184 |   1995 |   4 |  690.2 |
               +--------+--------+--------+--------+--------+-----+--------+

Top non-repeatable levels by time:
     D:3: 1015 daAuts
     D:2: 696 daAuts
     D:4: 541 daAuts
     D:1: 508 daAuts
